Map: Terraform LE (Void)

Players

Beastyqt - Winner!

  • Race: Terran Terran
  • League: Diamond

Залупка

  • Race: Protoss Protoss
  • League: Master

VOD

Have the link to the VOD?

Description

Time

  • Played on: Sept. 5, 2015, 4:15 p.m.
  • Length: 36:43
Show
View Real Time Build Order
Export as new Build Order

Beastyqt Terran - Winner!

Build Orders: MMM Bio 

Get SALT Encoding   

  12  0:01  SCV  
  13  0:13  SCV  
  14  0:20  Supply Depot  
  14  0:25  SCV  
  15  0:42  SCV  
  16  0:44  Barracks  
  16  0:46  Refinery  
  16  0:54  SCV  
  17  1:06  SCV  
  18  1:18  SCV  
  19  1:32  Barracks Reactor, Orbital Command  
  19  1:48  Command Center  
  19  1:58  SCV  
  20  2:03  Supply Depot  
  20  2:09  Marine x2  
  20  2:10  SCV  
  23  2:20  Factory  
  23  2:24  SCV  
  23  2:27  Marine x2  
  26  2:42  SCV  
  27  2:44  Refinery  
  27  2:45  Marine x2  
  27  2:47  Bunker  
  29  2:54  SCV  
  30  3:00  Orbital Command  
  30  3:02  Marine  
  30  3:04  Marine  
  32  3:06  SCV  
  32  3:07  Factory Tech Lab  
  33  3:18  SCV  
  34  3:20  Marine  
  34  3:21  Orbital Command  
  34  3:22  Marine  
  35  3:30  SCV  
  35  3:32  Cyclone  
  39  3:39  Marine  
  39  3:40  Marine  
  41  3:42  SCV  
  41  3:48  SCV  
  42  3:50  Supply Depot  
  42  3:54  SCV  
  43  4:00  SCV  
  43  4:01  Marine x2  
  46  4:11  SCV, Cyclone  
  46  4:12  SCV  
  46  4:14  Engineering Bay  
  51  4:19  Marine x2  
  51  4:20  Supply Depot  
  51  4:23  SCV  
  54  4:32  Supply Depot  
  54  4:41  SCV x2, Barracks x2  
  56  4:46  Terran Infantry Weapons Level 1, Missile Turret  
  56  4:54  SCV  
  56  4:55  SCV  
  56  4:57  Factory Tech Lab  
  58  5:04  Missile Turret  
  58  5:06  SCV  
  59  5:07  SCV, Marine  
  59  5:08  Stimpack  
  59  5:12  Supply Depot  
  61  5:18  SCV  
  62  5:22  SCV  
  62  5:23  Starport  
  62  5:27  Marauder  
  62  5:28  Factory Reactor  
  65  5:30  SCV  
  65  5:35  SCV  
  67  5:39  Combat Shields  
  67  5:40  Command Center  
  67  5:41  Marauder  
  69  5:43  SCV  
  69  5:47  SCV  
  69  5:48  Supply Depot, Marine x2  
  73  5:55  SCV  
  73  5:56  Marauder  
  76  6:02  Marauder  
  78  6:09  Marine x2  
  78  6:10  SCV  
  81  6:12  Supply Depot x2  
  81  6:13  Refinery  
  81  6:14  Refinery  
  81  6:15  Medivac x2  
  85  6:26  Supply Depot  
  85  6:29  Supply Depot  
  85  6:34  SCV, Marauder x2  
  85  6:36  Marine  
  91  6:41  Factory Reactor  
  91  6:42  Marine  
  91  6:43  SCV, Missile Turret  
  91  6:44  Missile Turret  
  93  6:47  Medivac  
  93  6:52  SCV  
  93  6:53  Marine  
  97  6:56  Viking  
  97  6:57  SCV  
  97  7:00  Marine x2  
  102  7:05  Barracks  
  102  7:07  SCV, Barracks  
  103  7:09  SCV  
  103  7:14  Missile Turret  
  104  7:16  Marine x2  
  104  7:18  Marauder x2  
  104  7:19  Terran Infantry Armor Level 1  
  104  7:22  SCV  
  111  7:27  Bunker  
  111  7:28  Orbital Command  
  111  7:30  SCV  
  111  7:35  Medivac x2  
  116  7:40  Supply Depot  
  116  7:47  SCV, Missile Turret  
  116  7:50  Marauder, Marine x2  
  121  7:51  Supply Depot  
  121  7:53  SCV  
  121  7:54  SCV  
  121  7:56  Barracks Tech Lab  
  121  7:57  Barracks Reactor  
  123  8:06  Armory, Engineering Bay, SCV  
  124  8:16  SCV  
  114  8:22  Liberator x2  
  114  8:23  Marine  
  114  8:24  Marauder x2  
  106  8:30  Marauder, Marine  
  100  8:35  Command Center  
  100  8:37  Marine  
  106  8:41  Marine  
  106  8:45  Marauder x2  
  111  8:49  Refinery  
  111  8:50  Refinery, Marine  
  111  8:52  Marauder  
  114  8:57  Marine  
  115  9:06  Marauder x2  
  115  9:08  Terran Infantry Weapons Level 2  
  115  9:09  Supply Depot, Terran Ship Weapons Level 1  
  118  9:11  Marine x3  
  118  9:13  Marauder  
  118  9:15  Marine  
  124  9:21  Widow Mine x2  
  127  9:28  Factory x2, Marauder  
  127  9:29  Liberator  
  127  9:30  Liberator  
  126  9:32  Supply Depot  
  126  9:33  Marauder, Marine  
  126  9:34  Marauder  
  130  9:45  Marine x2  
  130  9:49  Marauder  
  134  9:54  Marauder  
  134  9:55  Marine x2  
  134  9:56  Marauder  
  138  10:06  Marine x2  
  140  10:08  Terran Infantry Armor Level 2  
  140  10:10  Marauder  
  140  10:13  Marine x2  
  144  10:16  Marauder  
  144  10:17  Marauder  
  148  10:21  Bunker  
  148  10:22  Supply Depot  
  148  10:24  Marine  
  148  10:25  Marine  
  148  10:26  Factory Tech Lab  
  150  10:29  Factory Reactor  
  150  10:32  Marauder  
  152  10:37  Marauder  
  152  10:39  Missile Turret, Marauder  
  155  10:42  Marine  
  155  10:47  Command Center  
  155  10:49  Barracks x2  
  156  10:50  Planetary Fortress  
  156  10:51  Barracks  
  156  10:53  Marauder  
  152  10:59  Marauder  
  154  11:08  SCV x3  
  154  11:10  Widow Mine x3  
  163  11:12  Widow Mine  
  163  11:15  Drilling Claws  
  163  11:16  Terran Vehicle And Ship Armor Level 1  
  161  11:20  SCV  
  160  11:30  Marine  
  160  11:31  Medivac, Marauder x3  
  160  11:32  Medivac  
  171  11:38  Terran Infantry Weapons Level 3  
  171  11:39  Starport  
  161  11:42  Barracks Tech Lab x2  
  161  11:45  Barracks Tech Lab  
  161  11:51  Widow Mine x2  
  161  11:52  Missile Turret  
  158  11:54  Marine  
  158  11:58  Marauder  
  158  11:59  Marauder x2  
  148  12:01  Marauder x2  
  148  12:05  Marine x2, Marauder  
  148  12:08  Marine  
  123  12:12  Marine  
  122  12:16  Refinery  
  122  12:19  Marine  
  122  12:20  Marine, Marauder  
  122  12:22  Starport Reactor  
  126  12:29  Medivac x2  
  130  12:30  Terran Infantry Armor Level 3  
  130  12:31  Marauder x2, Marine  
  130  12:35  Refinery  
  135  12:37  Planetary Fortress  
  135  12:41  Marine x2  
  127  12:54  Liberator x4  
  127  13:16  Marauder, Marine  
  127  13:17  Marine x7, Marauder  
  131  13:23  Command Center  
  131  13:32  Refinery  
  130  13:34  Marine x3  
  130  13:35  Marauder x4, Refinery, Marine  
  130  13:36  Liberator  
  130  13:40  Marauder x2  
  135  13:50  Widow Mine, Liberator x2  
  135  13:52  Marine x3  
  135  13:54  Marine  
  142  13:57  Marauder x4  
  142  14:00  Liberator  
  142  14:01  Marine  
  151  14:18  Marauder  
  151  14:19  Liberator  
  151  14:22  Marauder  
  151  14:23  Marine x2, Marauder x4  
  156  14:27  Marine x2  
  156  14:30  SCV x2  
  147  14:33  Liberator  
  142  14:39  Marauder  
  142  14:41  Marine  
  142  14:44  Marauder x2  
  147  14:48  Marine x2  
  147  14:51  Marine  
  147  14:57  Marine  
  147  14:59  Marine  
  144  15:02  Orbital Command  
  142  15:12  Marine  
  142  15:13  Marauder x2  
  138  15:16  Marine x2  
  138  15:19  Marine  
  128  15:40  Marauder  
  128  15:42  Marine x2  
  131  15:45  Marine  
  131  15:49  Marine  
  128  15:55  Marine  
  130  15:57  Marine  
  130  15:58  Marine  
  132  16:07  SCV  
  132  16:12  SCV  
  130  16:42  Marauder x2  
  130  16:45  Marine, Marauder  
  127  16:52  Marauder  
  107  16:54  Marine  
  107  16:55  Marine  
  107  17:00  Marine  
  110  17:03  Marine  
  110  17:04  Marauder  
  91  17:15  Marine  
  91  17:16  Marine  
  91  17:17  Marine x3  
  91  17:18  Marine  
  91  17:21  Marine  
  89  17:24  Marine  
  75  17:33  Marine  
  75  17:34  Marine x2  
  75  17:35  Marine x2  
  75  17:36  Marine  
  77  17:39  Marine  
  77  17:42  Marine, Widow Mine x2, Medivac x2  
  77  17:43  Widow Mine  
  88  17:51  Missile Turret, Marine  
  87  17:53  SCV, Marauder x2  
  87  17:56  Marine  
  87  17:57  Marine x2  
  94  17:59  Planetary Fortress  
  94  18:05  Marine x2  
  93  18:07  SCV  
  93  18:09  Marine  
  93  18:14  Marine x5  
  93  18:15  SCV  
  98  18:23  Marine  
  98  18:24  SCV  
  98  18:26  Viking  
  95  18:27  Marine x2  
  95  18:31  Marine  
  95  18:32  Marine x2  
  98  18:36  SCV  
  98  18:37  Marine x2  
  96  18:41  Marauder  
  96  18:43  SCV x2  
  96  18:45  Marine  
  95  18:48  Marauder  
  95  18:50  SCV x2  
  95  18:55  Marauder  
  99  19:05  Liberator x4  
  99  19:07  Marine x2  
  107  19:38  Orbital Command  
  105  19:48  Liberator x3  
  105  19:49  Marine x3  
  108  19:57  Marauder  
  108  19:58  Marauder  
  109  20:00  SCV  
  109  20:02  Widow Mine x2  
  126  20:07  Liberator, Marauder x2  
  126  20:12  Orbital Command  
  126  20:13  Marine x2  
  126  20:14  Marine x2  
  126  20:19  Missile Turret, Marauder x2  
  130  20:28  Marauder  
  130  20:30  Liberator  
  130  20:31  Orbital Command  
  130  20:38  SCV, Missile Turret  
  134  20:50  Liberator x2  
  133  20:57  Marine  
  133  20:58  Marauder  
  133  21:01  SCV x3  
  139  21:08  Marauder x2  
  139  21:10  SCV  
  139  21:11  Marine x3  
  150  21:12  Marine  
  150  21:13  SCV  
  150  21:14  SCV  
  156  21:19  SCV, Liberator  
  156  21:21  Marine  
  156  21:22  SCV  
  156  21:23  Marine  
  150  21:29  Marine  
  150  21:32  Missile Turret  
  149  21:34  Bunker  
  152  21:40  SCV  
  152  21:41  Sensor Tower  
  153  21:48  Marine, Widow Mine  
  145  22:01  Orbital Command  
  145  22:07  Marine x2  
  141  22:17  Marine  
  141  22:19  Marine  
  141  22:20  Marine  
  141  22:29  Refinery  
  135  22:30  Command Center, Refinery  
  124  22:42  Marine, Medivac  
  126  22:45  Marine  
  122  23:08  SCV x2  
  124  23:19  Marine  
  123  23:20  Marine x2  
  126  23:30  SCV  
  126  23:32  SCV  
  125  23:37  Marine  
  126  23:42  Marauder x3, Medivac  
  126  23:44  Supply Depot  
  126  23:45  Supply Depot  
  126  23:47  Supply Depot  
  132  24:07  Marine x3  
  132  24:58  Liberator  
  132  24:59  Ghost Academy  
  128  25:14  Marine x2  
  128  25:15  Marine  
  142  25:33  SCV x2  
  144  25:36  Ghost x2  
  144  25:37  Ghost  
  144  25:38  Marine x2  
  143  25:45  SCV  
  141  26:20  Ghost x2, Marine  
  141  26:21  Marine  
  147  26:38  Command Center  
  147  26:41  Command Center  
  147  26:46  Marauder, Marine x2  
  139  26:47  Medivac x2  
  139  26:49  Marauder  
  139  26:52  Marine x3  
  148  27:04  Marine x2  
  150  27:15  Marine x4  
  134  28:30  Marauder x3  
  134  28:32  Marine x2  
  141  28:39  Viking x2  
  141  28:40  Command Center  
  137  28:41  Command Center  
  137  28:51  Marauder  
  139  29:14  Command Center  
  133  29:28  Viking x3  
  133  29:29  Viking  
  127  29:35  SCV x2  
  124  30:16  SCV x2  
  124  30:21  Viking x3, Marauder x2  
  130  30:28  SCV x2  
  137  30:40  Missile Turret  
  136  30:52  Marine  
  137  31:00  Planetary Fortress x2  
  137  31:03  SCV  
  137  31:04  SCV  
  138  31:16  Marine x2  
  140  31:26  Sensor Tower  
  136  31:35  SCV x2, Refinery x2  
  138  31:48  SCV x2  
  141  31:58  Orbital Command  
  139  32:08  SCV  
  140  32:16  SCV  
  140  32:19  Marauder x2  
  140  32:20  Marine, Medivac x2, Marauder  
  143  32:36  SCV  
  136  32:38  SCV  
  136  32:41  SCV  
  109  32:44  Marine x2  
  109  32:47  SCV  
  109  32:48  SCV  
  92  33:14  Marauder x2, Marine x2  
  102  33:30  Viking x2  
  102  33:32  Viking  
  102  33:33  Viking  
  106  33:35  Marauder  
  108  33:46  SCV  
  106  33:52  SCV x2  
  108  33:57  SCV  
  108  34:01  Marine  
  108  34:02  SCV, Marauder x2, Marine  
  112  34:04  Liberator x2  
  114  34:16  Orbital Command  
  110  34:19  Marine x2  
  110  34:23  Marine  
  119  34:32  Viking  
  119  34:33  Viking  
  123  34:47  Marine  
  123  35:02  Viking  
  123  35:03  Viking  
  117  35:20  Marine x2, Marauder x2  
  120  35:38  Marine  
  121  35:51  Marauder x2  
  116  36:00  Marine  
  124  36:08  Command Center  
  124  36:10  Marine  
  125  36:12  Marauder x2  
  129  36:18  Marine  
Show
View Real Time Build Order
Export as new Build Order

Залупка Protoss 

Build Orders: Dark Templar Rush 

Get SALT Encoding   

  12  0:00  Probe (Chrono Boost)  
  13  0:10  Probe (Chrono Boost)  
  14  0:17  Pylon  
  14  0:21  Probe (Chrono Boost)  
  15  0:35  Probe (Chrono Boost)  
  16  0:37  Gateway  
  16  0:45  Probe (Chrono Boost)  
  16  0:47  Assimilator  
  17  0:55  Probe (Chrono Boost)  
  18  1:04  Pylon  
  18  1:05  Probe (Chrono Boost)  
  19  1:15  Probe (Chrono Boost)  
  20  1:24  Cybernetics Core  
  20  1:25  Probe (Chrono Boost)  
  21  1:36  Probe (Chrono Boost)  
  22  1:48  Nexus  
  22  1:50  Probe (Chrono Boost)  
  24  2:02  Mothership Core (Chrono Boost)  
  24  2:04  Assimilator  
  25  2:14  Stalker  
  27  2:20  Probe (Chrono Boost)  
  28  2:24  Pylon  
  28  2:30  Probe (Chrono Boost)  
  28  2:31  Warp Gate  
  29  2:40  Probe (Chrono Boost)  
  29  2:41  Pylon  
  30  2:50  Probe (Chrono Boost)  
  30  2:51  Twilight Council  
  31  3:00  Probe x2 (Chrono Boost)  
  33  3:09  Gateway  
  33  3:10  Probe (Chrono Boost)  
  33  3:11  Probe (Chrono Boost)  
  35  3:20  Probe (Chrono Boost)  
  35  3:21  Probe (Chrono Boost)  
  35  3:30  Probe (Chrono Boost), Dark Shrine  
  35  3:33  Forge  
  36  3:35  Probe (Chrono Boost)  
  36  3:40  Probe (Chrono Boost)  
  38  3:46  Probe (Chrono Boost), Pylon  
  39  3:50  Probe (Chrono Boost)  
  40  3:56  Probe (Chrono Boost)  
  40  4:00  Probe (Chrono Boost), Pylon  
  42  4:06  Probe (Chrono Boost)  
  42  4:07  Pylon  
  42  4:08  Robotics Facility  
  43  4:10  Probe (Chrono Boost)  
  43  4:15  Protoss Ground Weapons Level 1 (Chrono Boost)  
  43  4:16  Probe (Chrono Boost)  
  45  4:20  Probe (Chrono Boost), Photon Cannon  
  46  4:26  Probe  
  46  4:29  Probe  
  48  4:31  Assimilator  
  48  4:34  Assimilator  
  48  4:38  Probe  
  48  4:39  Probe  
  48  4:42  Dark Templar x2  
  54  4:49  Probe, Photon Cannon  
  54  4:51  Probe  
  56  5:02  Warp Prism (Chrono Boost)  
  56  5:05  Pylon  
  58  5:14  Probe x2  
  60  5:22  Sentry, Nexus  
  60  5:23  Sentry  
  60  5:27  Pylon  
  66  5:31  Gateway  
  66  5:33  Gateway  
  64  5:35  Observer (Chrono Boost)  
  64  5:37  Gateway  
  64  5:40  Twilight Council  
  65  5:45  Sentry  
  65  5:46  Adept  
  69  5:51  Twilight Council  
  69  5:53  Observer (Chrono Boost)  
  69  5:55  Gateway, Protoss Ground Weapons Level 2 (Chrono Boost)  
  70  5:59  Pylon  
  70  6:00  Probe x2, Pylon  
  72  6:10  Adept x2  
  76  6:12  Probe  
  76  6:14  Observer (Chrono Boost)  
  78  6:26  Probe  
  78  6:29  Probe  
  78  6:34  Immortal (Chrono Boost)  
  78  6:38  Probe  
  78  6:39  Probe, Adept x2  
  85  6:45  Gateway  
  86  6:47  Gateway  
  86  6:49  Probe  
  86  6:50  Gateway  
  86  6:53  Photon Cannon  
  88  6:54  Probe  
  88  6:57  Dark Templar  
  90  7:01  Adept  
  90  7:03  Adept  
  94  7:10  Pylon  
  94  7:11  Probe, Pylon  
  94  7:12  Probe  
  96  7:15  Dark Templar  
  96  7:19  Probe  
  96  7:20  Robotics Bay  
  99  7:24  Shield Upgrade (Chrono Boost)  
  99  7:28  Probe  
  99  7:29  Probe  
  98  7:31  Probe  
  98  7:33  Assimilator  
  98  7:36  Adept, Photon Cannon, Assimilator  
  101  7:37  Adept  
  101  7:39  Probe  
  101  7:41  Probe, Immortal  
  101  7:43  Probe  
  106  7:45  Pylon  
  106  7:49  Probe  
  106  7:50  Adept  
  110  7:51  Adept  
  110  7:57  Adept  
  115  7:59  Adept  
  115  8:03  Protoss Ground Armor Level 1 (Chrono Boost)  
  115  8:05  Adept x3  
  111  8:25  Adept  
  111  8:26  Stalker x2, Adept x4  
  109  8:37  Mothership Core (Chrono Boost)  
  109  8:38  Extended Thermal Lance (Chrono Boost)  
  111  8:41  Blink (Chrono Boost)  
  111  8:42  Observer  
  111  8:46  Zealot  
  111  8:47  Zealot  
  115  8:54  Zealot x4  
  115  8:55  Zealot x2  
  126  9:03  Photon Cannon  
  126  9:04  Photon Cannon  
  126  9:07  Colossus (Chrono Boost)  
  126  9:33  Nexus  
  126  9:35  Pylon  
  124  9:46  Protoss Ground Weapons Level 3 (Chrono Boost)  
  124  9:50  Pylon x2  
  124  9:51  Pylon  
  124  9:53  Pylon x2  
  124  9:58  Pylon  
  124  9:59  Colossus, Pylon  
  116  10:00  Pylon  
  116  10:01  Pylon  
  113  10:08  Probe x2  
  119  10:21  Stalker x2, Sentry  
  123  10:22  Sentry x2, Gateway  
  123  10:25  Photon Cannon  
  123  10:27  Probe  
  130  10:29  Probe, Photon Cannon  
  130  10:33  Probe  
  131  10:41  Stalker  
  134  10:42  Probe  
  134  10:49  Stalker x2  
  138  10:56  Probe  
  138  10:57  Probe x2  
  138  11:00  Assimilator  
  138  11:03  Templar Archives  
  140  11:05  Colossus, Assimilator  
  140  11:16  Stalker x2  
  150  11:25  Probe  
  150  11:27  Probe x2  
  150  11:28  Stalker  
  150  11:29  Stalker x2  
  150  11:32  Psionic Storm  
  159  11:36  Probe  
  159  11:38  Pylon  
  160  11:44  High Templar x4  
  160  11:47  Pylon  
  168  11:48  Pylon  
  168  11:55  Colossus (Chrono Boost)  
  168  12:00  Protoss Ground Armor Level 2 (Chrono Boost)  
  152  12:12  Stalker  
  152  12:13  Stalker x2  
  158  12:23  Charge (Chrono Boost)  
  158  12:30  Nexus, Pylon, Photon Cannon  
  158  12:32  Stalker, Photon Cannon  
  158  12:34  Stalker  
  158  12:35  Probe  
  158  12:36  Probe x2  
  165  12:39  Colossus  
  165  12:40  Probe  
  172  12:59  Photon Cannon  
  172  13:02  Probe  
  172  13:03  Photon Cannon  
  172  13:04  Zealot x4  
  181  13:08  High Templar x3  
  187  13:18  Pylon  
  187  13:19  Pylon  
  187  13:23  Colossus, High Templar  
  187  13:26  High Templar  
  191  13:30  Dark Shrine  
  191  13:34  Archon  
  193  13:35  Stalker  
  193  13:36  Stalker x2  
  193  13:38  Probe  
  197  13:47  Nexus  
  187  13:52  Nexus  
  185  13:56  Stalker  
  185  13:57  Stalker x3  
  193  14:06  Protoss Shields Level 1 (Chrono Boost)  
  193  14:14  Observer  
  182  14:36  Colossus  
  174  14:51  Stalker x3  
  174  14:52  Stalker x4  
  188  15:04  High Templar  
  190  15:08  Gateway  
  188  15:18  High Templar x2  
  188  15:20  Stalker  
  191  15:21  Stalker x2, Colossus  
  185  15:38  Stalker x2  
  185  15:39  Stalker  
  191  15:43  Probe  
  170  15:56  Probe x2  
  158  15:59  Assimilator  
  158  16:02  Assimilator  
  158  16:06  Colossus  
  140  16:13  High Templar x3  
  140  16:17  Dark Templar  
  144  16:27  Stalker x4  
  152  16:35  Nexus, Pylon  
  143  16:53  Stalker x4  
  143  16:54  Stalker x2, Colossus  
  149  16:55  Stalker x2  
  149  16:59  Photon Cannon  
  149  17:00  Photon Cannon  
  137  17:15  Archon x2  
  137  17:21  Zealot x3  
  137  17:22  Zealot x4  
  125  17:32  Dark Templar  
  125  17:34  Pylon  
  125  17:35  Pylon  
  125  17:39  Colossus  
  129  17:53  High Templar x3  
  129  17:54  High Templar  
  129  17:55  Stalker  
  137  18:07  Nexus  
  137  18:10  Stalker x3  
  131  18:25  Stalker x2  
  131  18:26  Stalker x3  
  141  18:30  Probe  
  142  18:38  Colossus  
  142  18:40  Nexus  
  138  18:43  Pylon  
  144  18:49  Probe  
  144  18:51  Probe x2  
  147  18:55  Pylon  
  147  19:01  Pylon  
  147  19:02  Stalker, Zealot, Pylon  
  149  19:03  Stalker, Probe, Zealot  
  149  19:04  Zealot  
  155  19:10  Photon Cannon  
  155  19:14  Photon Cannon  
  154  19:22  Probe  
  155  19:24  Dark Templar  
  155  19:28  Stalker x3  
  162  19:42  Probe  
  163  19:47  Probe, Assimilator, Protoss Ground Armor Level 3 (Chrono Boost)  
  163  19:51  Assimilator  
  164  19:53  Photon Cannon  
  164  19:55  Photon Cannon  
  164  19:59  Stalker  
  166  20:00  Stalker  
  166  20:05  Zealot x3  
  170  20:09  Zealot x2  
  170  20:10  Probe  
  163  20:23  Probe x2  
  163  20:25  Probe x2  
  163  20:26  Probe, Photon Cannon  
  160  20:30  Stalker  
  160  20:31  Stalker x2  
  164  20:38  Colossus  
  169  20:57  Pylon  
  169  20:59  Probe  
  169  21:01  Probe  
  171  21:04  Sentry  
  171  21:05  Stalker x3  
  171  21:09  Probe  
  176  21:13  Probe  
  176  21:14  Probe x2  
  176  21:15  Probe  
  176  21:19  Probe  
  171  21:25  Dark Templar  
  171  21:26  Zealot  
  171  21:30  Zealot x2  
  175  21:35  Zealot  
  175  21:39  Zealot  
  179  21:41  High Templar  
  179  21:42  High Templar  
  155  22:11  High Templar x3  
  155  22:12  Stalker x2  
  165  22:21  Stalker x3  
  146  22:31  Stalker  
  146  22:33  Probe  
  146  22:34  Photon Cannon  
  149  22:43  Dark Templar  
  147  22:45  Nexus  
  147  22:48  Probe x2  
  137  22:53  Probe  
  137  22:57  Observer  
  135  23:10  Probe  
  136  23:22  Probe  
  137  23:29  Probe  
  138  23:36  Probe  
  139  23:49  Probe  
  140  24:00  Probe  
  140  24:02  Probe x2  
  143  24:15  Probe  
  144  24:40  Probe  
  144  24:41  Probe  
  144  24:42  Probe x3  
  143  24:47  High Templar  
  143  24:48  High Templar  
  143  24:50  Probe  
  147  24:54  Probe  
  143  25:29  Stargate  
  143  25:36  Nexus  
  141  25:52  High Templar x2  
  141  25:53  High Templar  
  146  26:00  Pylon  
  146  26:18  Probe x2  
  150  26:29  Nexus  
  142  26:43  Archon  
  139  26:51  Fleet Beacon, Probe  
  139  26:53  Probe x2  
  142  26:55  Probe  
  143  27:01  Probe  
  143  27:06  Probe  
  136  27:33  Tempest (Chrono Boost)  
  140  27:50  Probe x2  
  141  28:10  Tempest (Chrono Boost)  
  141  28:12  Probe  
  143  28:22  Probe  
  143  28:25  Archon  
  128  28:41  Probe  
  125  28:42  Probe  
  125  28:43  Probe  
  125  28:44  Probe  
  125  28:46  Tempest (Chrono Boost)  
  125  28:47  Probe  
  134  28:51  Probe  
  135  29:10  Probe  
  135  29:15  Probe  
  136  29:18  Pylon  
  134  29:40  Probe, Tempest (Chrono Boost)  
  134  29:45  Cybernetics Core  
  139  30:11  Tempest (Chrono Boost)  
  139  30:13  Probe  
  140  30:15  Probe  
  140  30:17  Protoss Air Weapons Level 1 (Chrono Boost)  
  145  30:27  Probe, Assimilator  
  146  30:32  Probe, Nexus  
  145  30:36  Probe  
  145  30:40  Probe  
  145  30:49  Tempest  
  145  30:52  Probe  
  146  30:58  Probe x2  
  146  31:01  Probe  
  146  31:02  Pylon  
  153  31:06  Pylon  
  152  31:26  Forge  
  152  31:27  Tempest  
  154  31:46  Zealot  
  154  31:47  Zealot x3  
  156  32:00  Probe, Photon Cannon  
  157  32:03  High Templar  
  85  32:50  Stalker x2  
  85  32:51  Stalker x4  
  85  32:52  Stalker  
  87  33:00  Probe  
  87  33:02  Probe x2  
  87  33:05  Probe  
  90  33:09  Probe  
  90  33:10  Probe  
  86  33:19  High Templar x2  
  84  33:25  Probe x2  
  86  33:27  Probe  
  87  33:34  High Templar  
  87  33:38  Probe  
  67  34:39  Nexus  
  49  36:00  Stalker x2  
  53  36:10  Stalker  
Tags
 
Add a new tag
Caveats
  • Supply blocks, unpowered buildings, or Contaminate may cause inaccurate times.
  • Supply counts are checked every 10 seconds.